 Dungeon Crawl Stone Soup version 0.21.0-3-g78d12a8 (webtiles) character file.

89641 letownia2 the Brawler (level 15, 94/94 HPs)
             Began as a Gargoyle Fighter on Jan 8, 2018.
             Was an Initiate of Gozag.
             Quit the game on level 2 of the Lair of Beasts.
             The game lasted 00:50:23 (20678 turns).

letownia2 the Brawler (Gargoyle Fighter)           Turns: 20678, Time: 00:50:23

Health: 94/94      AC: 45    Str: 22    XL:     15   Next: 98%
Magic:  30/30      EV:  9    Int: 20    God:    Gozag
Gold:   2210       SH:  5    Dex: 11    Spells: 16/22 levels left

rFire    + + .     SeeInvis +     - Unarmed
rCold    . . .     Gourm    .   L - +0 buckler
rNeg     + + +     Faith    .   W - +10 plate armour "Liofeu Boum" {*Slow Int+7}
rPois    ∞         Spirit   +   U - +2 hat {SInv}
rElec    +         Reflect  .   z - scarf {cloud immunity}
rCorr    +         Harm     .   f - +2 pair of gloves
MR       +....                  (no boots)
Stlth    ..........             j - amulet of guardian spirit
HPRegen  0.65/turn              g - ring "Umaulonu" {rCorr rF++ rN+++ MR- Stlth-}
MPRegen  0.22/turn              r - ring "Mivokh" {MR+ MP+9}

@: flying
A: big wings, thin metallic scales 1, agile 1, negative energy resistance 1,
regeneration 1, electricity resistance, unbreathing, petrification resistance,
rot immunity, subdued magic 1, AC +11
a: Stop Flying, Potion Petition, Call Merchant, Bribe Branch, Renounce Religion


You were on level 2 of the Lair of Beasts.
You worshipped Gozag.
Gozag was most pleased with you.
You were very full.

You visited 4 branches of the dungeon, and saw 23 of its levels.
You visited the Abyss 1 time.

You collected 7735 gold pieces.
You spent 210 gold pieces at shops.
You paid 5315 gold pieces to Gozag.

Inventory:

Hand Weapons
 c - a +1 blowgun
Missiles
 F - a throwing net (quivered)
 O - 8 curare-tipped needles
Armour
 f - a +2 pair of gloves (worn)
 z - a scarf of cloud immunity (worn)
 L - a +0 buckler (worn)
 U - a +2 hat of see invisible (worn)
 W - the +10 plate armour "Liofeu Boum" (worn) {*Slow Int+7}
   (You found it on level 14 of the Dungeon)

   It affects your intelligence (+7).
   It may slow you when you take damage.
Magical Staves
 v - an uncursed staff of fire
 y - an uncursed staff of wizardry
Jewellery
 g - the ring "Umaulonu" (left hand) {rCorr rF++ rN+++ MR- Stlth-}
   (You found it on level 6 of the Lair of Beasts)

   [ring of resist corrosion]

   It greatly protects you from fire.
   It renders you almost immune to negative energy.
   It affects your resistance to hostile enchantments.
   It makes you less stealthy.
 j - an amulet of guardian spirit (around neck)
 k - a +2 ring of slaying
 r - the ring "Mivokh" (right hand) {MR+ MP+9}
   (You bought it in a shop on level 2 of the Lair of Beasts)

   [ring of magical power]

   It affects your resistance to hostile enchantments.
   It affects your magic capacity (+9).
 s - an uncursed amulet of rage
 I - an uncursed ring of wizardry
 Q - an uncursed amulet of regeneration
Wands
 h - a wand of acid (6)
 p - a wand of paralysis (11)
 B - a wand of digging (16)
 H - a wand of polymorph (20)
 P - a wand of flame (60)
 V - a wand of iceblast (8)
Scrolls
 e - 9 scrolls of remove curse
 i - 13 scrolls of identify
 l - a scroll of fog
 n - 2 scrolls of magic mapping
 C - 3 scrolls of blinking
 E - 6 scrolls of teleportation
 R - a scroll of silence
 Z - a scroll of torment
Potions
 b - 4 potions of lignification
 m - 3 potions of resistance
 q - 5 potions of invisibility
 u - 5 potions of haste
 w - 3 potions of agility
 x - a potion of magic
 A - 4 potions of brilliance
 D - 3 potions of mutation
 J - a potion of cancellation
 K - 5 potions of heal wounds
 M - a potion of ambrosia
 S - 4 potions of might
 T - 7 potions of curing
 Y - 2 potions of berserk rage
Miscellaneous
 o - a sack of spiders
 N - a fan of gales
Comestibles
 d - 30 rations


   Skills:
 + Level 11.1 Fighting
 - Level 13.8 Armour
 - Level 3.8 Dodging
 - Level 6.4 Shields
 + Level 19.6 Unarmed Combat
 - Level 4.2 Spellcasting
 - Level 4.1 Evocations


You had 16 spell levels left.
You knew the following spells:

 Your Spells              Type           Power        Failure   Level  Hunger
c - Conjure Flame         Conj/Fire      #.......     98%         3    ###....
g - Regeneration          Chrm/Necr      #.........   98%         3    ###....


Dungeon Overview and Level Annotations

Branches:
Dungeon (14/15)            Temple (0/1) D:7            Lair (6/6) D:8
 Shoals (1/4) Lair:3        Snake (0/4) Lair:4        Slime (0/5) Lair:6
    Orc (2/2) D:9             Elf (0/3) Orc:2        Vaults (0/5) D:14

Altars:
Ashenzari
Cheibriados
Dithmenos
Gozag
Kikubaaqudgha
Makhleb
Sif Muna
Xom
The Shining One
Beogh
Jiyva
Lugonu

Shops:
D:4 *(?   D:5 (   D:7 **:   D:9 [   D:10 :   D:14 *[   Orc:2 (:[*
Lair:2 *[*=%

Annotations:
D:11 exclusion: 2 statues
Shoals:1 exclusion: obsidian statue


Innate Abilities, Weirdness & Mutations

You are resistant to torment.
Your stone body is resilient. (AC +11)
You are immune to poison.
Your large and strong wings let you fly indefinitely.
You resist negative energy. (rN+)
You are resistant to electric shocks. (rElec)
You can survive without breathing.
You are immune to petrification.
You are immune to rotting.
You are partially covered in thin metallic scales. (AC +2)
You are agile. (Dex +2)
Your natural rate of healing is unusually fast.
Your spells are a little easier to cast, but a little less powerful.


Message History

You drop the +0 large shield of the Jabberwock {Regen+ Dex+4}. [a] 1354 gold - Vuifedym's Food Shoppe [b] 1626 gold - Qerell's Book Emporium [c] 1707 gold - Keigalat's Gadget Shop [d] 1435 gold - Xounuiph's Assorted Antiques Fund which merchant?
You no longer have enough gold to bribe branches to halt enemies' attacks and recruit allies.
Xounuiph invites you to visit his Assorted Antiques.
Evoke which item? (* to show all) (? for menu, Esc to quit)
Okay, then.
Put on which piece of jewellery? (? for menu, Esc to quit)
Okay, then.
Unknown command.
Evoke which item? (* to show all) (? for menu, Esc to quit)
Okay, then.
Wear which item? (? for menu, Esc to quit)
Okay, then.
Put on which piece of jewellery? (? for menu, Esc to quit)
Okay, then.
Are you sure you want to abandon this character and quit the game? (Confirm with "yes".)

P#P## ##..........#.....###.#
....## #..........#.......##..
###..# ###.........#..#..#...#.>
.....# ##..+.......##..#.........
.....###.......................#.
.....+...###.#.##.#............##
......###.####.⌠.##..##.⌠.⌠.#...#
......# #####...................[
#.##### #..⌠.<@∩∩......>.......
#..# #####...∩[...........#...
##.## #.###..⌠..#..##.⌠.⌠..#..#
#..# #.....######..#.....#..##
###.## ##.........#............#
.....#####.........##..#........#
.....#.##...........#..##.##..#..
.........#..........##.......##..
..().#.#............P##.....##(..


There were no monsters in sight!

Vanquished Creatures
  Rupert (Lair:3)
  Gastronok (Lair:2)
  An orc warlord (Orc:2)
  An ettin (Orc:2)
  A merfolk impaler (D:13)
  2 vault guards (D:14)
  Harold (Lair:3)
  3 hydras
  Erolcha (D:9)
  A merfolk avatar (D:13)
  3 centaur warriors
  3 catoblepae
  3 two-headed ogres
  A death yak (Lair:4)
  3 orc high priests (Orc:2)
  Sonja (D:10)
  2 unseen horrors
  A death drake (shapeshifter) (D:14)
  Pikel (D:7)
  4 orc knights
  4 orc sorcerers
  2 ugly things
  3 necromancers (D:14)
  3 manticores
  3 elephants (Lair:4)
  6 cyclopes
  2 black mambas
  Joseph (Lair:1)
  2 centaur zombies
  4 rime drakes
  A gargoyle (D:13)
  28 spiny frogs
  4 komodo dragons
  5 kobold demonologists
  An efreet (D:14)
  A freezing wraith (Abyss:2)
  2 polar bears (Lair:5)
  2 tengu conjurers (D:13)
  7 trolls
  A merfolk (D:9)
  A queen bee (Lair:4)
  3 meliai (Lair:4)
  Grinder (D:4)
  4 tyrant leeches
  46 blink frogs
  4 dream sheep (Lair:6)
  14 hippogriffs
  A shadow (D:13)
  Sigmund (D:4)
  2 vampires
  Eustachio (D:4)
  4 basilisks
  5 wyverns
  19 humans (D:14)
  39 yaks
  Menkaure (D:6)
  3 hungry ghosts
  A steam dragon (Lair:4)
  6 vampire mosquitoes
  4 nagas (Lair:4)
  4 wargs (Orc:2)
  2 acid dragons
  18 water moccasins
  2 porcupines (Lair:4)
  4 slaves
  29 orc warriors
  3 sky beasts
  3 black bears
  A phantom (D:11)
  4 ice beasts
  A necrophage (D:8)
  8 ogres
  4 wolves (Lair:1)
  6 centaurs
  9 crocodiles
  6 big kobolds
  23 bullfrogs
  2 wyvern zombies
  A water moccasin skeleton (D:10)
  6 scorpions
  31 killer bees
  11 wights
  2 howler monkeys
  2 vampire bats (Lair:1)
  2 electric eels
  4 bullfrog zombies
  9 crimson imps
  7 hounds
  A jelly (D:11)
  2 bullfrog skeletons
  8 orc priests
  14 orc wizards
  Ijyb (D:5)
  2 centaur skeletons
  4 iguanas
  A hell rat (Lair:4)
  12 worker ants
  2 killer bee zombies
  2 hound zombies
  4 gnolls (D:4)
  17 adders
  3 shadow imps
  2 oozes
  7 worms
  2 dart slugs (D:1)
  6 leopard geckos
  77 orcs
  6 giant cockroaches
  7 goblins
  10 hobgoblins
  11 jackals
  2 quokkas (D:3)
  2 ball pythons
  14 bats
  6 frilled lizards
  2 jackal skeletons
  21 kobolds
  2 rats
731 creatures vanquished.

Vanquished Creatures (others)
  3 centaurs (D:9)
  A big kobold (D:9)
  2 bullfrogs (D:9)
  A killer bee (D:8)
  An iguana (D:9)
  An adder (D:9)
  2 bushes
  22 fungi
  15 plants
48 creatures vanquished.

Grand Total: 779 creatures vanquished

Notes
Turn   | Place    | Note
-------+----------+-------------------------------------------
     0 | D:1      | letownia2 the Gargoyle Fighter began the quest for the Orb.
     0 | D:1      | Reached XP level 1. HP: 14/14 MP: 1/1
   201 | D:1      | Reached XP level 2. HP: 16/19 MP: 2/2
   227 | D:1      | Reached skill level 3 in Unarmed Combat
   356 | D:2      | Found a deep blue altar of Sif Muna.
   372 | D:2      | Reached XP level 3. HP: 16/23 MP: 3/3
   453 | D:2      | Found a snail-covered altar of Cheibriados.
   483 | D:2      | Found a shattered altar of Ashenzari.
   495 | D:2      | Found a shadowy altar of Dithmenos.
   813 | D:3      | Reached skill level 4 in Unarmed Combat
   813 | D:3      | Reached XP level 4. HP: 25/28 MP: 4/4
  1168 | D:3      | Reached skill level 5 in Unarmed Combat
  1168 | D:3      | Reached XP level 5. HP: 30/32 MP: 5/5
  1308 | D:4      | Noticed Eustachio
  1327 | D:4      | Killed Eustachio
  1327 | D:4      | Reached skill level 6 in Unarmed Combat
  1327 | D:4      | Reached XP level 6. HP: 29/37 MP: 6/6
  1440 | D:4      | Reached skill level 7 in Unarmed Combat
  1488 | D:4      | Reached XP level 7. HP: 31/41 MP: 7/7
  1734 | D:4      | Noticed Grinder
  1821 | D:4      | Killed Grinder
  1821 | D:4      | Reached skill level 8 in Unarmed Combat
  1895 | D:4      | Noticed Sigmund
  1911 | D:4      | Killed Sigmund
  1911 | D:4      | Reached skill level 9 in Unarmed Combat
  1911 | D:4      | Reached XP level 8. HP: 33/46 MP: 8/8
  1984 | D:4      | Found Qagyuvau's Magic Scroll Emporium.
  2039 | D:4      | Found an ancient bone altar of Kikubaaqudgha.
  2136 | D:4      | Found Ximacw's Antique Weapon Emporium.
  2168 | D:4      | Found Eserome's General Store.
  2212 | D:5      | Entered Level 5 of the Dungeon
  2212 | D:5      | Found Milaote's Weapon Emporium.
  2387 | D:5      | Reached skill level 10 in Unarmed Combat
  2429 | D:5      | Reached skill level 1 in Evocations
  2465 | D:5      | Noticed Ijyb
  2474 | D:5      | Killed Ijyb
  2819 | D:5      | Reached XP level 9. HP: 51/51 MP: 9/11
  3063 | D:6      | Noticed Menkaure
  3084 | D:6      | Killed Menkaure
  3185 | D:6      | Reached skill level 11 in Unarmed Combat
  3546 | D:7      | Found an opulent altar of Gozag.
  3554 | D:7      | Became a worshipper of Gozag Ym Sagoz the Greedy
  4945 | D:7      | Found a staircase to the Ecumenical Temple.
  5070 | D:7      | Found Aquitsom's Book Shoppe.
  5083 | D:7      | Found Ytyifaf's General Store.
  5217 | D:7      | Found a glowing golden altar of the Shining One.
  5270 | D:7      | Found Achepp's General Store.
  5374 | D:7      | Found a burning altar of Makhleb.
  5375 | D:7      | Found Zuc Weogh's General Store.
  5420 | D:7      | Noticed Pikel
  5515 | D:8      | Reached skill level 5 in Shields
  5766 | D:8      | Reached skill level 5 in Armour
  5831 | D:7      | Killed Pikel
  5831 | D:7      | Reached skill level 12 in Unarmed Combat
  5831 | D:7      | Reached XP level 10. HP: 50/56 MP: 13/13
  5884 | D:8      | Found a shimmering altar of Xom.
  6275 | D:8      | Found a staircase to the Lair.
  6550 | D:9      | Learned a level 3 spell: Regeneration
  6630 | D:9      | Found a shimmering altar of Xom.
  6672 | D:9      | Reached skill level 5 in Fighting
  6682 | D:9      | Found a staircase to the Orcish Mines.
  6698 | D:9      | Noticed Erolcha
  6718 | D:9      | Killed Erolcha
  6724 | D:9      | Reached skill level 13 in Unarmed Combat
  6963 | D:9      | Noticed a two-headed ogre
  6970 | D:9      | Killed a two-headed ogre
  6970 | D:9      | Reached XP level 11. HP: 67/67 MP: 14/14
  7461 | D:10     | Entered Level 10 of the Dungeon
  7698 | D:10     | Found Niluriun's Book Shoppe.
  7917 | D:10     | Noticed Sonja
  7931 | D:10     | Killed Sonja
  8101 | Lair:1   | Entered Level 1 of the Lair of Beasts
  8181 | Lair:1   | Reached skill level 14 in Unarmed Combat
  8241 | Lair:2   | Noticed Gastronok
  8331 | Lair:2   | Killed Gastronok
  8433 | Lair:2   | Reached skill level 15 in Unarmed Combat
  8541 | Lair:2   | Reached XP level 12. HP: 58/75 MP: 12/15
  9494 | Lair:1   | Noticed Joseph
  9509 | Lair:1   | Killed Joseph
  9836 | Lair:3   | Reached skill level 16 in Unarmed Combat
  9837 | Lair:3   | Found a staircase to the Shoals.
  9870 | Lair:3   | Noticed Harold
  9888 | Lair:3   | Killed Harold
  9940 | Lair:3   | Noticed Rupert
  9942 | Lair:3   | Gained mutation: Your spells are a little easier to cast, but a little less powerful. [potion of mutation]
  9942 | Lair:3   | Gained mutation: You are partially covered in thin metallic scales. (AC +2) [potion of mutation]
  9942 | Lair:3   | Gained mutation: You are agile. (Dex +2) [potion of mutation]
  9942 | Lair:3   | Gained mutation: Your natural rate of healing is unusually fast. [potion of mutation]
 10104 | Orc:1    | Entered Level 1 of the Orcish Mines
 10160 | Orc:1    | Noticed a two-headed ogre
 10176 | Orc:1    | Killed a two-headed ogre
 10413 | Orc:1    | You fall through a shaft!
 10413 | Orc:2    | Entered Level 2 of the Orcish Mines
 10413 | Orc:2    | Found Aheygumi's Antique Armour Shoppe.
 10413 | Orc:2    | Noticed an orc high priest
 10678 | Orc:1    | Reached skill level 1 in Spellcasting
 10814 | Orc:2    | Paralysed by an orc sorcerer for 6 turns
 10816 | Orc:2    | Noticed an orc warlord
 10823 | Orc:2    | Noticed a soul eater
 11009 | Orc:2    | Noticed a soul eater
 11057 | Orc:1    | Reached skill level 1 in Dodging
 11077 | Orc:2    | Killed an orc high priest
 11077 | Orc:2    | Reached XP level 13. HP: 53/79 MP: 11/19
 11080 | Orc:2    | Noticed an ettin
 11090 | Orc:2    | Found Gonezop's Book Shoppe.
 11381 | Orc:2    | Killed an orc warlord
 11496 | Orc:2    | Found a staircase to the Elven Halls.
 11740 | Orc:2    | Killed an ettin
 11805 | Orc:2    | Found a roughly hewn altar of Beogh.
 11946 | Orc:2    | Found Tiluangi's Antique Weapon Shoppe.
 12168 | Orc:2    | Found Onaefasi's General Store.
 12486 | Lair:2   | Bought a crude golden ring for 150 gold pieces
 12487 | Lair:2   | Identified the ring "Mivokh" {MR+ MP+9} (You bought it in a shop on level 2 of the Lair of Beasts)
 12492 | Lair:2   | Bought a scroll labeled RASIEV GUITHEO for 30 gold pieces
 12492 | Lair:2   | Bought a scroll labeled POUNNE TURA for 30 gold pieces
 12531 | Lair:3   | Reached skill level 10 in Fighting
 12811 | D:11     | Reached skill level 17 in Unarmed Combat
 13596 | D:12     | Found a corrupted altar of Lugonu.
 13944 | D:12     | Got an ichor-stained large shield
 13955 | D:12     | Identified the +0 large shield of the Jabberwock {Regen+ Dex+4} (You found it on level 12 of the Dungeon)
 14068 | D:13     | Gained mutation: Your large and strong wings let you fly indefinitely. [Gargoyle growth]
 14068 | D:13     | Reached XP level 14. HP: 88/88 MP: 20/20
 14328 | D:13     | Reached skill level 18 in Unarmed Combat
 14407 | D:13     | Found a runed warning-scrawled door.
 14914 | D:13     | Found a runed door.
 14916 | D:13     | Found a runed door.
 14964 | D:13     | Cast into level 2 of the Abyss (merfolk impaler)
 14964 | Abyss:2  | Found a runed door.
 14968 | Abyss:2  | Found a corrupted altar of Lugonu.
 15027 | Abyss:2  | Found a corrupted altar of Lugonu.
 15096 | D:13     | Escaped the Abyss
 15212 | D:14     | Found Diacro's Armour Shop.
 15603 | D:14     | Found Paine's Assorted Antiques.
 15617 | D:14     | Found a shadowy altar of Dithmenos.
 15784 | D:14     | Reached skill level 19 in Unarmed Combat
 15842 | D:14     | Found a gate to the Vaults.
 16168 | D:14     | Got a smoking plate armour
 16179 | D:14     | Identified the +10 plate armour "Liofeu Boum" {*Slow Int+7} (You found it on level 14 of the Dungeon)
 16452 | Lair:3   | Killed Rupert
 16675 | Lair:3   | Found a deep blue altar of Sif Muna.
 16863 | Shoals:1 | Entered Level 1 of the Shoals
 16977 | Lair:4   | Reached skill level 10 in Armour
 17092 | Lair:4   | Found a staircase to the Snake Pit.
 17391 | Lair:4   | Reached XP level 15. HP: 85/92 MP: 21/21
 19206 | Lair:6   | Entered Level 6 of the Lair of Beasts
 19896 | Lair:6   | Identified the Catalogue of Battle Magic
 19901 | Lair:6   | Learned a level 3 spell: Conjure Flame
 19903 | Lair:6   | Got a clouded granite ring
 19905 | Lair:6   | Identified the ring "Umaulonu" {rCorr rF++ rN+++ MR- Stlth-} (You found it on level 6 of the Lair of Beasts)
 20139 | Lair:6   | Found a staircase to the Slime Pits.
 20140 | Lair:6   | Found a viscous altar of Jiyva.
 20678 | Lair:2   | Quit the game

Skill      XL: |  1  2  3  4  5  6  7  8  9 10 11 12 13 14 15 |
---------------+----------------------------------------------+-----
Unarmed Combat | 3 4 5 6 7 9 10 12 13 15 16 17 19 | 19.6
Armour         | 4 5 6 8 10 13 | 13.8
Evocations     | 2 4 |  4.1
Shields        | 5 6 |  6.4
Fighting       | 7 8 10 11 | 11.1
Spellcasting   | 4 |  4.2
Dodging        | 1 3 |  3.8

Action                   |  1- 3 |  4- 6 |  7- 9 | 10-12 | 13-15 || total
-------------------------+-------+-------+-------+-------+-------++-------
Melee: Unarmed           |   134 |   104 |   473 |   701 |  1712 ||  3124
       Punch             |       |       |     5 |    14 |       ||    19
       Staff             |       |       |       |       |     5 ||     5
Throw: Throwing net      |       |       |       |       |     2 ||     2
Invok: Call Merchant     |       |       |       |     2 |     4 ||     6
 Abil: Evoke Berserk Rag |       |     2 |     5 |     3 |       ||    10
       Fly               |       |       |       |       |     1 ||     1
Evoke: Wand              |       |       |     2 |     9 |     5 ||    16
  Use: Scroll            |       |       |     7 |    12 |    11 ||    30
       Potion            |       |       |       |     3 |       ||     3
 Stab: Paralysed         |       |       |       |     7 |     2 ||     9
       Held in net/web   |       |       |       |       |     2 ||     2
       Distracted        |       |       |       |       |     9 ||     9
       Petrified         |       |       |       |       |     5 ||     5
  Eat: Chunk             |       |     4 |    14 |     1 |       ||    19
       Ration            |       |       |     1 |     7 |    12 ||    20
Armor: Scale mail        |    88 |    44 |   228 |   350 |   341 ||  1051
       Plate armour      |       |       |       |       |   656 ||   656
Dodge: Dodged            |    63 |    56 |   187 |   261 |   579 ||  1146
Block: Shield            |    21 |       |       |       |       ||    21
       Buckler           |       |       |    35 |    88 |   354 ||   477
